 Dungeon Crawl Stone Soup version 0.20.1-1-g8b1a95d (webtiles) character file.

140 Folque the Conjurer (level 5, -8/32 HPs)
             Began as a Tengu Conjurer on Nov 1, 2017.
             Mangled by Regeox's ghost (14 damage)
             ... on level 3 of the Dungeon.
             The game lasted 00:14:24 (2988 turns).

Folque the Conjurer (Tengu Conjurer)                Turns: 2988, Time: 00:14:24

Health: -8/32      AC:  4    Str:  9    XL:     5   Next: 22%
Magic:  3/10       EV: 12    Int: 16    God:
Gold:   173        SH:  0    Dex: 14    Spells: 4/10 levels left

rFire    . . .     SeeInvis .   l - +0 short sword
rCold    . . .     Gourm    .   (no shield)
rNeg     . . .     Faith    .   n - +2 robe {MR+}
rPois    .         Spirit   .   (helmet restricted)
rElec    .         Reflect  .   (no cloak)
rCorr    .         Harm     .   (no gloves)
MR       +....                  (boots unavailable)
Stlth    ++........             (no amulet)
Regen    0.1/turn               (no ring)
MPRegen  0.2/turn               (no ring)

@: no status effects
A: beak, talons 3, able to fly 1
a: Fly


You were on level 3 of the Dungeon.
You were very hungry.

You visited 1 branch of the dungeon, and saw 4 of its levels.

You collected 173 gold pieces.

Inventory:

Hand Weapons
 i - a +0 club
 l - a +0 short sword (weapon)
Armour
 a - a +0 robe
 n - a +2 robe of magic resistance (worn)
Jewellery
 q - an uncursed ring of stealth {unknown}
Scrolls
 h - 4 scrolls of identify {unknown}
 j - a scroll of enchant weapon {unknown}
 k - 2 scrolls of noise {unknown}
 o - a scroll of teleportation {unknown}
 s - a scroll of enchant armour
 t - a scroll of fog {unknown}
 w - a scroll of remove curse {unknown}
Potions
 e - 2 potions of brilliance {unknown}
 p - a potion of flight {unknown}
 u - a potion of mutation {unknown}
Books
 b - a book of Conjurations

   Spells                             Type                      Level
   a - Magic Dart                     Conjuration                  1
   b - Searing Ray                    Conjuration                  2
   c - Dazzling Spray                 Conjuration/Hexes            3
   d - Fulminant Prism                Conjuration/Hexes            4
   e - Force Lance                    Conjuration/Translocation    4
   f - Iskenderun's Mystic Blast      Conjuration                  4
Comestibles
 c - 4 bread rations
 d - a meat ration
 g - a royal jelly
 v - 5 fruits


   Skills:
 - Level 3.2 Fighting
 - Level 2.1 Dodging
 - Level 2.0 Stealth
 + Level 3.1 Spellcasting
 * Level 5.9 Conjurations


You had 4 spell levels left.
You knew the following spells:

 Your Spells              Type           Power        Failure   Level  Hunger
a - Magic Dart            Conj           ###.         1%          1    None
b - Searing Ray           Conj           ###...       2%          2    ##.....
c - Dazzling Spray        Conj/Hex       ##....       16%         3    ###....


Dungeon Overview and Level Annotations

Branches:
Dungeon (4/15)
 Temple: D:4-7

Altars:
Gozag
Makhleb
Ru
Yredelemnul
Zin

Annotations:
D:3 Regeox's ghost, amateur HOGl
D:4 keltmir's ghost, novice DrTm


Innate Abilities, Weirdness & Mutations

You have a beak for a mouth.
You have claws for feet.
You can fly.


Message History

You peck keltmir's ghost, but do no damage.
Keltmir's ghost is moderately damaged.
Keltmir's ghost hits you but does no damage.
You closely miss keltmir's ghost. Your kick misses keltmir's ghost.
Keltmir's ghost is moderately damaged.
Keltmir's ghost barely misses you.
You hit keltmir's ghost but do no damage.
Your kick misses keltmir's ghost.
You peck keltmir's ghost, but do no damage.
Keltmir's ghost is moderately damaged.
Keltmir's ghost hits you but does no damage.
Keltmir's ghost hits you!
* * * LOW HITPOINT WARNING * * *
There is a stone staircase leading up here.
Keltmir's ghost closely misses you.
You climb upwards.
Level annotation: Regeox's ghost, amateur HOGl Regeox's ghost hits you but does no damage.
Regeox's ghost hits you!
You die...

....##.......####...#
.#..##.......# #...#
.#..##.......# #.###
##..##.......####.####
....##.......#.......#
....##............##.#
######.......#....##.#
#########.#.##....##.#
##.............W@.##.#
##.##.##.##.##.......#
###
##.#.#.#.##.##.#..####
######.. ....#
#..##.......# #......#
##.#.#...........##
#.###..#
#.##..#.##.......#
######....... #..
....##..#.##.#
#......###..#
#####.##...... #.#
#.####.###...
#.##.#..####.# #.#
#.......


You could see Regeox's ghost.

Vanquished Creatures
  Jessica (D:2)
  Terence (D:3)
  3 adders
  An ooze (D:2)
  3 worms
  A dart slug (D:1)
  A leopard gecko (D:2)
  A ball python (D:1)
  3 giant cockroaches
  5 goblins
  7 hobgoblins
  6 bats
  A frilled lizard (D:1)
  6 kobolds
  9 rats
49 creatures vanquished.

Notes
Turn   | Place    | Note
-------+----------+-------------------------------------------
     0 | D:1      | Folque the Tengu Conjurer began the quest for the Orb.
     0 | D:1      | Reached XP level 1. HP: 10/10 MP: 4/4
   349 | D:1      | Reached skill level 1 in Fighting
   380 | D:1      | Reached XP level 2. HP: 16/16 MP: 4/6
  1149 | D:2      | Reached XP level 3. HP: 21/21 MP: 2/7
  1153 | D:2      | Learned a level 2 spell: Searing Ray
  1157 | D:2      | Learned a level 3 spell: Dazzling Spray
  1609 | D:2      | Found a basalt altar of Yredelemnul.
  1609 | D:2      | Found a sacrificial altar of Ru.
  1615 | D:2      | Found a glowing silver altar of Zin.
  1616 | D:2      | Found an opulent altar of Gozag.
  1616 | D:2      | Noticed Jessica
  1626 | D:2      | Killed Jessica
  1626 | D:2      | Reached XP level 4. HP: 21/27 MP: 2/9
  1740 | D:2      | Found a burning altar of Makhleb.
  2084 | D:3      | Noticed Terence
  2379 | D:3      | Killed Terence
  2379 | D:3      | Gained mutation: You can fly. [Tengu growth]
  2379 | D:3      | Reached XP level 5. HP: 13/32 MP: 1/10
  2654 | D:3      | Noticed Regeox's ghost (amateur HOGl)
  2886 | D:4      | Noticed keltmir's ghost (novice DrTm)
  2988 | D:3      | Mangled by Regeox's ghost

Skill      XL: |  1  2  3  4 |
---------------+-------------+-----
Fighting       | 1 2 3 |  3.2
Spellcasting   | 3 |  3.1
Dodging        | |  2.1
Stealth        | |  2.0
Conjurations   | |  5.9

Action                   |  1- 3 |  4- 6 || total
-------------------------+-------+-------++-------
Melee: Unarmed           |     7 |       ||     7
       Kick              |     7 |     2 ||     9
       Peck              |     4 |     3 ||     7
       Short sword       |    17 |    11 ||    28
       Club              |     2 |       ||     2
 Cast: Magic Dart        |    39 |    23 ||    62
       Searing Ray       |     3 |    14 ||    17
       Dazzling Spray    |     2 |     1 ||     3
  Use: Potion            |       |     3 ||     3
       Scroll            |       |     1 ||     1
 Stab: Sleeping          |     1 |       ||     1
       Invisible         |     1 |       ||     1
  Eat: Chunk             |     3 |     4 ||     7
Armor: Robe              |     6 |    10 ||    16
Dodge: Dodged            |    17 |    24 ||    41
